 Dungeon Crawl Stone Soup version 0.28-a0-1184-g53156a8862 (webtiles) character file.

Game seed: 17302627034586148919

992 kae the Changer (level 7, -3/52 HPs)
             Began as a Black Draconian Transmuter on Dec 17, 2021.
             Slain by a gnoll (7 damage)
             ... on level 5 of the Dungeon.
             The game lasted 00:04:55 (6276 turns).

kae the Changer (Black Draconian Transmuter)        Turns: 6276, Time: 00:04:55

Health: -3/52      AC:  2    Str: 12    XL:     7   Next: 98%
Magic:  11/13      EV: 19    Int: 16    God:
Gold:   141        SH:  0    Dex: 16    Spells: 6/14 levels left

rFire   . . .      SeeInvis .     - Unarmed
rCold   . . .      Faith    .   (shield currently unavailable)
rNeg    . . .      Spirit   .   (armour unavailable)
rPois   x          Reflect  .   (helmet currently unavailable)
rElec   .          Harm     .   (cloak currently unavailable)
rCorr   .          Rampage  .   (gloves currently unavailable)
Will    .....                   (boots currently unavailable)
Stlth   +.........              (no amulet)
HPRegen 0.17/turn               (no ring)
MPRegen 0.13/turn               (no ring)

@: lit by a corona, spider-form (expiring), glowing
A: venomous fangs, (breathe lightning), AC +6, tiny, unfitting armour,
(electricity resistance), (cold-blooded)
a: End Transformation


You were on level 5 of the Dungeon.
You were a venomous arachnid creature.
You visited 1 branch of the dungeon, and saw 5 of its levels.
You also visited: Sewer.

You collected 141 gold pieces.

Inventory:

Wands
 l - a wand of flame (14)
 m - a wand of paralysis (9)
Scrolls
 b - a scroll of enchant armour
 n - a scroll of enchant weapon
Potions
 a - 3 potions of heal wounds
 c - a potion of brilliance
 d - 2 potions of curing
 e - a potion of flight
 f - a potion of lignification
 h - a potion of resistance {unknown}
 i - 4 potions of haste {unknown}


   Skills:
 - Level 1.1 Fighting
 - Level 1.7 Dodging
 - Level 3.0 Unarmed Combat
 + Level 4.4 Spellcasting
 * Level 6.7 Transmutations
 * Level 4.4 Ice Magic
 - Level 1.0 Poison Magic


You had 6 spell levels left.
You knew the following spells:

 Your Spells              Type           Power      Damage    Failure   Level
a - Beastly Appendage     Tmut           50%        N/A       5%          1
b - Spider Form           Tmut/Pois      15%        N/A       24%         3
c - Ice Form              Ice/Tmut       21%        N/A       34%         4

Your spell library contained the following spells:

 Spells                   Type           Power      Damage    Failure   Level
 Wereblood                Tmut           25%        N/A       7%          2
 Corpse Rot               Necr/Air       6%         N/A       45%         2
 Gell's Gravitas          Tloc           3%         N/A       65%         3
 Teleport Other           Tloc           3%         N/A       65%         3
 Airstrike                Air            1%         N/A       95%         4
 Dispel Undead            Necr           3%         3d7       95%         4
 Summon Lightning Spire   Summ/Air       3%         N/A       95%         4
 Lightning Bolt           Conj/Air       1%         1d12      100%        5
 Death Channel            Necr           1%         N/A       100%        6
 Dispersal                Tloc           1%         N/A       100%        6


Dungeon Overview and Level Annotations

Branches:
Dungeon (5/15)              Sewer (visited)
 Temple: D:4-7

Altars:
Elyvilon
Makhleb
Nemelex Xobeh
Okawaru


Innate Abilities, Weirdness & Mutations

You are a venomous arachnid creature.
You have poisonous fangs.
You are tiny and dextrous.
Your spellcasting is less reliable in this form.
Your armour is entirely melded.
You are incapable of wielding weapons or throwing items.
((You can breathe wild blasts of lightning.))
((Your glossy black scales are hard. (AC +6)))
You cannot fit into any form of body armour.
((You are resistant to electric shocks. (rElec)))
((You are cold-blooded and may be slowed by cold attacks.))


Message History

The gnoll shaman is heavily wounded.
The gnoll shaman completely misses you.
There are monsters nearby!
You barely miss the gnoll shaman.
The gnoll shaman is severely wounded.
The gnoll shaman closely misses you.
You hit the gnoll shaman.
The gnoll shaman looks as sick as possible!
The gnoll shaman is severely wounded.
The gnoll shaman calls down the wrath of its god upon you.
You are outlined in light.
A gnoll comes into view. It is wielding a +0 spear.
There are monsters nearby!
You bite the gnoll shaman!
You kill the gnoll shaman!
You hit the gnoll.
The gnoll is lightly wounded.
The gnoll hits you with a +0 flail.
You are too injured to fight recklessly!
You are too injured to fight recklessly!
You are too injured to fight recklessly!
You are too injured to fight recklessly!
Unknown command.
You bite the gnoll!
The gnoll is poisoned.
The gnoll is severely wounded.
The gnoll closely misses you.
You hit the gnoll.
The gnoll looks as sick as possible!
The gnoll is almost dead.
You kill the gnoll!
The gnoll hits you from afar with a +0 halberd!
Your transformation is almost over.
The gnoll closely misses you. The gnoll barely misses you.
The gnoll hits you from afar with a +0 spear!
* * * LOW HITPOINT WARNING * * *
Things that are here:
a +0 flail; a +0 club; a +0 robe You barely miss the gnoll.
The gnoll hits you with a +0 halberd!
* * * LOW HITPOINT WARNING * * *
The gnoll hits you from afar with a +0 spear!
You die... # #. # ## .#.#.## .#... .gg

#g# #s# ###.#
###.####.....#
#.....<.#####
#.#....§§§....
#.#.§§≈§≈§≈≈≈.
....§..§.§..≈.
##.#§≈§#.###.≈.
#..§§.#... ≈.
##..≈.#._.# .


You could see 3 gnolls.

Vanquished Creatures
  A black bear (D:4)
  A necrophage (D:4)
  An ogre (D:4)
  5 kobold brigands (Sewer)
  A howler monkey (D:4)
  A gnoll shaman (D:5)
  A centaur skeleton (D:4)
  Terence (D:3)
  An orc wizard (D:4)
  Robin (D:3)
  A gnoll (D:5)
  9 adders
  3 river rats
  3 worms
  6 orcs (D:4)
  10 ball pythons
  11 endoplasms
  4 giant cockroaches
  16 goblins
  6 hobgoblins
  3 jackals (D:2)
  11 kobolds
  6 quokkas
  6 bats
  3 frilled lizards
  7 rats
119 creatures vanquished.

Notes
Turn   | Place    | Note
-------+----------+-------------------------------------------
     0 | D:1      | kae the Draconian Transmuter began the quest for the Orb.
     0 | D:1      | Reached XP level 1. HP: 16/16 MP: 3/3
   433 | D:1      | Reached XP level 2. HP: 22/23 MP: 5/5
  1023 | D:2      | Found an iron altar of Okawaru.
  1033 | D:2      | Reached skill level 3 in Transmutations
  1147 | D:2      | Reached XP level 3. HP: 20/28 MP: 6/6
  1155 | D:1      | Learned a level 3 spell: Spider Form
  1934 | D:3      | Noticed Terence
  1942 | D:3      | Killed Terence
  1943 | D:3      | Reached skill level 1 in Poison Magic
  1943 | D:3      | Reached XP level 4. HP: 24/35 MP: 3/8
  2247 | D:3      | Noticed Robin
  2445 | D:3      | Killed Robin
  2560 | D:3      | Reached skill level 4 in Transmutations
  2997 | D:4      | Reached XP level 5. HP: 21/40 MP: 5/9
  3283 | D:4      | Found a glowing drain.
  3319 | D:4      | Learned a level 4 spell: Ice Form
  3320 | Sewer    | Entered a sewer
  3510 | Sewer    | Reached skill level 5 in Transmutations
  3510 | Sewer    | Reached skill level 1 in Ice Magic
  3689 | Sewer    | Reached XP level 6. HP: 30/47 MP: 11/11
  4568 | Sewer    | Your scales start taking on a glossy black colour.
  4568 | Sewer    | Reached XP level 7. HP: 51/52 MP: 8/12
  4568 | Sewer    | Gained mutation: You are resistant to electric shocks.
                  | (rElec) [Black Draconian growth]
  5366 | D:4      | Reached skill level 6 in Transmutations
  6010 | D:4      | Found a burning altar of Makhleb.
  6010 | D:4      | Found a sparkling altar of Nemelex Xobeh.
  6226 | D:5      | Entered Level 5 of the Dungeon
  6226 | D:5      | Found a white marble altar of Elyvilon.
  6276 | D:5      | Slain by a gnoll

Illustrated notes

Levels and vault maps discovered:
D:1:      kennysheep_arrival_forest, layout_basic
D:2:      layout_rooms, basic_altar, minmay_pentomino_r4
D:3:      layout_basic, uniq_terence, uniq_robin
D:4:      layout_basic, gammafunk_temple_overflow_pools, portal_sewer_entry_b
D:5:      layout_loops_cross, mainiacjoe_overflow_brackets,
          minmay_temple_entry_crystal_x

Skill      XL: |  1  2  3  4  5  6  7 |
---------------+----------------------+-----
Transmutations | 3 4 5 6 |  6.7
Poison Magic   | 1 |  1.0
Spellcasting   | 3 4 |  4.4
Ice Magic      | 1 2 4 |  4.4
Fighting       | |  1.1
Dodging        | |  1.7
Unarmed Combat | |  3.0

Action                   |  1- 3 |  4- 6 |  7- 9 || total
-------------------------+-------+-------+-------++-------
Melee: Unarmed           |   120 |   192 |   109 ||   421
       Tailslap          |     9 |     3 |     1 ||    13
       Kick              |    16 |     8 |     1 ||    25
       Headbutt          |     6 |     4 |       ||    10
       Punch             |     1 |     1 |       ||     2
 Cast: Beastly Appendage |    22 |     8 |     2 ||    32
       Spider Form       |     1 |    16 |    10 ||    27
       Ice Form          |       |       |     2 ||     2
  Use: Scroll            |     3 |     3 |     6 ||    12
       Potion            |       |     1 |       ||     1
 Stab: Sleeping          |     3 |       |     1 ||     4
Armor: Skin              |    40 |    33 |    11 ||    84
Dodge: Dodged            |   102 |   117 |    82 ||   301

Table legend: (Time is in decaauts)
 A = Elapsed time spent in this place.
 B = Non-inter-level travel time spent in this place.
 C = Inter-level travel time spent in this place.
 D = Time resting spent in this place.
 E = Time spent auto-exploring this place.
 F = Levels seen in this place.
 G = Mean time per level.
                   A        B        C        D        E       F      G
               +--------+--------+--------+--------+--------+-----+--------+
         Total |   6418 |   6284 |    134 |    145 |   5046 |   6 | 1069.7 |
       Dungeon |   4362 |   4228 |    134 |    141 |   3338 |   5 |  872.4 |
         Sewer |   2056 |   2056 |      0 |      4 |   1708 |   1 | 2056.0 |
               +--------+--------+--------+--------+--------+-----+--------+

Top non-repeatable levels by time:
   Sewer: 2056 daAuts
     D:4: 1355 daAuts
     D:1: 1099 daAuts
     D:3: 1013 daAuts
     D:2: 844 daAuts
     D:5: 49 daAuts
